Description

description is missing

Build Order

Get SALT Encoding   

  14  0:17  Pylon  
  15  0:34  Nexus (Chrono Boost)  
  15  0:36  Gateway  scout with probe
  16  0:47  Assimilator  
  17  0:55  Assimilator  
  20  1:24  Cybernetics Core  
  20  1:25  Zealot  at your discretion
  22  1:35  Pylon  
  23  2:03  Robotics Facility x2  
  23  2:05  Pylon  
  23  2:10  Adept (Chrono Boost)  
  25  2:32  Adept  
  27  2:50  Immortal  
  31  2:52  Pylon, Warp Prism (Chrono Boost)  
  33  3:02  Adept (Chrono Boost)  
  33  3:17  Immortal (Chrono Boost)  
  37  3:29  Immortal  
  41  3:36  Pylon  
  41  3:53  Immortal  
  45  4:10  Immortal  
  49  4:30  Nexus  
Spawning Tool Build Advisor. Get it on Overwolf

Go to:

Details

  • Created by: Kogotok
  • Published on: Apr 03, 2023
  • Modified on: Apr 03, 2023
  • Patch: 5.0.11
  • Difficulty: Medium
Show
View Real Time Build Order
Export as new Build Order

Comments (0)

There are no comments. Be the first!

Create an account to comment!